 Dungeon Crawl Stone Soup version 0.31-a0-479-g91c9547826 (webtiles) character file.

Game seed: 16865379561757418871

11 Ethylacetat the Chopper (level 2, -1/16 HPs)
             Began as a Vine Stalker Monk on Aug 7, 2023.
             Slain by a gnoll
             ... wielding a +0 spear
              (5 damage)
             ... on level 1 of the Dungeon.
             The game lasted 00:00:24 (233 turns).

Ethylacetat the Chopper (Vine Stalker Monk)          Turns: 233, Time: 00:00:24

Health: -1/16      AC:  2    Str: 13    XL:     2   Next: 25%
Magic:  0/3        EV: 12    Int: 10    God:
Gold:   35         SH:  0    Dex: 16    Spells: 1/1 levels left

rFire   . . .        a - +0 hand axe
rCold   . . .        d - orb {light}
rNeg    . . .        b - +0 robe
rPois   .            (no helmet)
rElec   .            (no cloak)
rCorr   .            (no gloves)
SInv    .            (no boots)
Will    .....        (no amulet)
Stlth   +            (no ring)
HPRegen 0.22/turn    (no ring)
MPRegen 0.08/turn

%: guardian spirit
@: glowing
A: fangs 2, magic shield, antimagic bite, no potion heal 2
a: no special abilities


You were on level 1 of the Dungeon.
You visited 1 branch of the dungeon, and saw 1 of its levels.

You collected 35 gold pieces.

Inventory:

Hand Weapons
 a - a +0 hand axe (weapon)
Armour
 b - a +0 robe (worn)
 d - an orb of light (worn)
Scrolls
 e - a scroll of teleportation {unknown}
 f - a scroll of vulnerability {unknown}
 g - a scroll of poison {unknown}
Potions
 c - a potion of ambrosia


   Skills:
 + Level 2.9 Fighting
 * Level 2.9 Axes
 - Level 2.5 Dodging
 + Level 0.1 Spellcasting


You had one spell level left.
You didn't know any spells.
Your spell library was empty.

Dungeon Overview and Level Annotations

Branches:
Dungeon (1/15)

Altars:


Innate Abilities, Weirdness & Mutations

You have extremely sharp teeth.
When hurt, damage is shared between your health and your magic reserves.
Your bite disrupts and absorbs the magic of your enemies.
Potions cannot restore your health.


Message History

No reachable target in view!
There are monsters nearby!
No reachable target in view!
There are monsters nearby!
No reachable target in view!
There are monsters nearby!
No reachable target in view!
No reachable target in view!
There are monsters nearby!
No reachable target in view!
There are monsters nearby!
No reachable target in view!
A rat comes into view.
Found a flail.
The gnoll hits the plant with a +0 spear.
The plant begins to die.
A hobgoblin comes into view.
The gnoll hits the plant with a +0 spear.
The plant begins to die.
The gnoll hits the plant with a +0 spear.
The rat barely misses you.
The gnoll hits the plant with a +0 spear.
The gnoll hits you from afar with a +0 spear.
You barely miss the rat. You bite the rat.
You kill the rat!
You hit the plant.
The plant begins to die.
A nearby plant withers and dies. x2
The gnoll completely misses you. The gnoll misses you.
You hit the hobgoblin. You bite the hobgoblin.
You kill the hobgoblin!
You hit the plant. x2; A nearby plant withers and dies.
The gnoll hits you from afar with a +0 spear!
The gnoll closely misses you. The gnoll hits you with a +0 spear. x2
* * * LOW HITPOINT WARNING * * *
You hit the gnoll.
The gnoll is moderately wounded.
You hit the plant. You hit the gnoll.
A nearby plant withers and dies.
The gnoll hits you with a +0 spear.
You die...

.# #........# #
.####........# .#####+
##...........##.......
#......(...(.........
#............##.....
#....#######....#
#....# #.)....#####
#....# #.....†....##
#....# #..†..@.....#
#....# #...Pgg...P.#
#....# #...P.........
###### #.#...P.P.P.##
#.#.PP....P..#
#.#.P.P..PP...
.....PP.....
###.......#..


You could see 2 gnolls.

Vanquished Creatures
  2 goblins (D:1)
  2 hobgoblins (D:1)
  A quokka (D:1)
  A ball python (D:1)
  A bat (D:1)
  A kobold (D:1)
  3 rats (D:1)
11 creatures vanquished.

Notes
Turn   | Place    | Note
-------+----------+-------------------------------------------
     0 | D:1      | Ethylacetat the Vine Stalker Monk began the quest for the
                  | Orb.
     0 | D:1      | Reached XP level 1. HP: 11/11 MP: 2/2
    88 | D:1      | Reached XP level 2. HP: 14/16 MP: 1/3
   233 | D:1      | Slain by a gnoll

Illustrated notes

Levels and vault maps discovered:
D:1:      amcnicky_arrival_feature_with_door, layout_basic,
          nicolae_grassy_gnolls

Action                     || total
---------------------------++-------
  Melee: Hand axe          ||    21
         Bite              ||     4
 Armour: Robe              ||     2
  Dodge: Dodged            ||    14

Table legend: (Time is in decaauts)
 A = Elapsed time spent in this place.
 B = Non-inter-level travel time spent in this place.
 C = Inter-level travel time spent in this place.
 D = Time resting spent in this place.
 E = Time spent auto-exploring this place.
 F = Levels seen in this place.
 G = Mean time per level.
                   A        B        C        D        E       F      G
               +--------+--------+--------+--------+--------+-----+--------+
         Total |    236 |    236 |      0 |      0 |    183 |   1 |  236.0 |
       Dungeon |    236 |    236 |      0 |      0 |    183 |   1 |  236.0 |
               +--------+--------+--------+--------+--------+-----+--------+

Top non-repeatable levels by time:
     D:1: 236 daAuts
